 Dungeon Crawl Stone Soup version 0.26-a0-610-g3e9335bbc7 (webtiles) character file.

Game seed: 686300877934743361

380 Murumi the Skirmisher (level 6, -2/67 HPs)
             Began as an Ogre Fighter on Sept 3, 2020.
             Slain by a gnoll
             ... wielding a +0 halberd
              (10 damage)
             ... on level 4 of the Dungeon.
             The game lasted 00:11:02 (3544 turns).

Murumi the Skirmisher (Ogre Fighter)                Turns: 3544, Time: 00:11:02

Health: -2/67      AC:  3    Str: 21    XL:     6   Next: 75%
Magic:  6/6        EV:  8    Int:  9    God:
Gold:   205        SH:  8    Dex: 10    Spells: 5/5 levels left

rFire    . . .     SeeInvis .   a - +0 flail
rCold    . . .     Faith    .   c - +0 kite shield
rNeg     . . .     Spirit   .   b - +0 robe
rPois    .         Reflect  .   (helmet restricted)
rElec    .         Harm     .   (no cloak)
rCorr    .                      (gloves unavailable)
MR       .....                  (boots unavailable)
Stlth    +.........             (no amulet)
HPRegen  0.21/turn              h - ring of flight
MPRegen  0.10/turn              (no ring)

@: mighty
A: large, unfitting armour, tough skin 1
a: Evoke Flight


You were on level 4 of the Dungeon.
You visited 1 branch of the dungeon, and saw 4 of its levels.

You collected 205 gold pieces.

Inventory:

Hand Weapons
 a - a +0 flail (weapon)
Missiles
 f - 102 stones
 g - a throwing net
 j - 9 poisoned darts (quivered)
 p - 2 javelins
Armour
 b - a +0 robe (worn)
 c - a +0 kite shield (worn)
Jewellery
 h - a ring of flight (left hand)
Scrolls
 l - a scroll of fear
 m - a scroll of remove curse
 o - a scroll of magic mapping
Potions
 e - a potion of curing
 i - 3 potions of magic
 k - a potion of stabbing
 n - a potion of brilliance {unknown}


   Skills:
 - Level 6.0 Fighting
 - Level 3.0 Maces & Flails
 + Level 3.9 Throwing
 - Level 1.0 Armour
 - Level 3.0 Dodging
 - Level 3.0 Shields
 - Level 1.0 Evocations


You had 5 spell levels left.
You didn't know any spells.
Your spell library contained the following spells:

 Spells                   Type           Power        Failure   Level
 Animate Skeleton         Necr           #.....       83%         1
 Apportation              Tloc           #.....       83%         1
 Corona                   Hex            #......      83%         1
 Summon Small Mammal      Summ           #...         83%         1


Dungeon Overview and Level Annotations

Branches:
Dungeon (4/15)
 Temple: D:4-7

Altars:
Fedhas
Ru
Uskayaw


Innate Abilities, Weirdness & Mutations

You are too large for most types of armour.
You have tough skin. (AC +1)


Message History

You barely miss the gnoll.
The gnoll is moderately wounded.
You block the gnoll's attack. The gnoll closely misses you.
You completely miss the gnoll.
The gnoll is moderately wounded.
The gnoll hits you from afar with a +0 halberd!
The gnoll hits you with a cursed -2 halberd.
* * * LOW HITPOINT WARNING * * *
You feel very mighty all of a sudden. You block the gnoll's attack.
The gnoll barely misses you.
You bludgeon the gnoll!!
You kill the gnoll!
The gnoll hits you from afar with a +0 halberd!
* * * LOW HITPOINT WARNING * * *
The gnoll hits you but does no damage.
There is a stone staircase leading up here.
You sock the gnoll!
The gnoll is heavily wounded.
The gnoll hits you with a +0 halberd!
You die...

### .. ### ###.
#.# #...##.###
#.))...#
#.@#.###
#.....g#........
#......#.#######
#.......#.#
...........
)..........
#..........
........#...


You could see a gnoll.

Vanquished Creatures
  Sigmund (D:2)
  An orc priest (D:4)
  An orc wizard (D:3)
  4 adders
  2 gnolls (D:4)
  3 oozes
  3 dart slugs
  3 leopard geckos
  8 orcs
  10 bats
  5 giant cockroaches
  10 goblins
  8 hobgoblins
  6 jackals
  A ball python (D:1)
  5 frilled lizards
  5 kobolds
  8 rats
84 creatures vanquished.

Notes
Turn   | Place    | Note
-------+----------+-------------------------------------------
     0 | D:1      | Murumi the Ogre Fighter began the quest for the Orb.
     0 | D:1      | Reached XP level 1. HP: 24/24 MP: 1/1
    96 | D:1      | Reached XP level 2. HP: 17/32 MP: 2/2
   442 | D:1      | Reached skill level 1 in Throwing
   474 | D:1      | Reached XP level 3. HP: 39/39 MP: 3/3
  1405 | D:2      | Reached XP level 4. HP: 49/49 MP: 4/4
  1478 | D:2      | Reached skill level 5 in Fighting
  1917 | D:2      | Reached skill level 1 in Armour
  1994 | D:2      | Noticed Sigmund
  2022 | D:2      | Killed Sigmund
  2022 | D:2      | Reached skill level 1 in Evocations
  2022 | D:2      | Reached skill level 6 in Fighting
  2022 | D:2      | Reached XP level 5. HP: 13/59 MP: 5/5
  2022 | D:2      | Reached XP level 6. HP: 15/67 MP: 6/6
  3187 | D:3      | Found a blossoming altar of Fedhas.
  3201 | D:3      | Found a hide-covered altar of Uskayaw.
  3208 | D:3      | Found a sacrificial altar of Ru.
  3544 | D:4      | Slain by a gnoll

Illustrated notes

Levels and vault maps discovered:
D:1:      evilmike_arrival_crescent, layout_rooms
D:2:      layout_rooms, uniq_sigmund
D:3:      layout_loops_cross, minmay_overflow_temple_star_quad
D:4:      layout_basic, minmay_hedge_maze, uniq_eustachio

Skill      XL: |  1  2  3  4  5  6 |
---------------+-------------------+-----
Maces & Flails | 2 3 |  3.0
Dodging        | 3 |  3.0
Shields        | 3 |  3.0
Throwing       | 1 2 3 |  3.9
Fighting       | 6 |  6.0
Armour         | 1 |  1.0
Evocations     | 1 |  1.0

Action                   |  1- 3 |  4- 6 || total
-------------------------+-------+-------++-------
Melee: Flail             |   108 |   150 ||   258
Throw: Stone             |    40 |    74 ||   114
       Javelin           |       |     4 ||     4
       Dart              |       |    13 ||    13
  Use: Scroll            |     2 |     4 ||     6
       Potion            |       |     2 ||     2
Armor: Robe              |    36 |    37 ||    73
Dodge: Dodged            |    42 |    53 ||    95
Block: Kite shield       |    66 |    47 ||   113

Table legend: (Time is in decaauts)
 A = Elapsed time spent in this place.
 B = Non-inter-level travel time spent in this place.
 C = Inter-level travel time spent in this place.
 D = Time resting spent in this place.
 E = Time spent auto-exploring this place.
 F = Levels seen in this place.
 G = Mean time per level.
                   A        B        C        D        E       F      G
               +--------+--------+--------+--------+--------+-----+--------+
         Total |   3650 |   3435 |    215 |    303 |   2391 |   4 |  912.5 |
       Dungeon |   3650 |   3435 |    215 |    303 |   2391 |   4 |  912.5 |
               +--------+--------+--------+--------+--------+-----+--------+

Top non-repeatable levels by time:
     D:1: 1440 daAuts
     D:2: 1241 daAuts
     D:3: 876 daAuts
     D:4: 92 daAuts
